 Dungeon Crawl Stone Soup version 0.28.0-53-g5a82cb258f (webtiles) character file.

Game seed: 5241344014212233896

501 styxcanada the Covered (level 6, 0/84 HPs)
             Began as a Minotaur Fighter on May 25, 2022.
             Slain by a phantom (1 damage)
             ... on level 5 of the Dungeon.
             The game lasted 00:09:04 (3543 turns).

styxcanada the Covered (Minotaur Fighter)           Turns: 3543, Time: 00:09:05

Health: 0/84       AC:  0    Str: 22    XL:     6   Next: 95%
Magic:  5/5        EV: 14    Int:  5    God:
Gold:   192        SH:  0    Dex: 10    Spells: 5/5 levels left

rFire   . . .      SeeInvis .   (weapon currently unavailable)
rCold   . . .      Faith    .   (shield currently unavailable)
rNeg    . . .      Spirit   .   (armour currently unavailable)
rPois   .          Reflect  .   (helmet currently unavailable)
rElec   .          Harm     .   (cloak currently unavailable)
rCorr   .          Rampage  .   (gloves currently unavailable)
Will    .....                   (boots currently unavailable)
Stlth   ..........              (no amulet)
HPRegen 0.24/turn               (ring currently unavailable)
MPRegen 0.09/turn               (ring currently unavailable)

@: berserking, pig-form, very quick
A: fast, no casting, small, (horns 2), (retaliatory headbutt)
a: no special abilities


You were on level 5 of the Dungeon.
You were a filthy swine.
You visited 1 branch of the dungeon, and saw 5 of its levels.

You collected 192 gold pieces.

Inventory:

Hand Weapons
 a - a +0 war axe (melded)
 q - a +0 hunting sling
 s - a +0 flail
Missiles
 h - 90 stones (quivered)
 l - 19 sling bullets
Armour
 b - a +0 scale mail (melded)
 c - a +0 buckler (melded)
 e - a +0 cloak (melded)
 f - a +0 pair of boots (melded)
 o - a +0 pair of gloves (melded)
Jewellery
 k - a ring of fire
 p - a ring of protection from cold (melded)
Potions
 d - 2 potions of might
 g - a potion of lignification
 i - a potion of flight {unknown}
 j - a potion of resistance
 m - a potion of berserk rage
 n - a potion of attraction {unknown}
 r - a potion of heal wounds {unknown}


   Skills:
 * Level 5.3 Fighting
 + Level 5.2 Axes
 * Level 6.4 Armour
 + Level 1.9 Dodging
 + Level 4.2 Shields


You had 5 spell levels left.
You didn't know any spells.
Your spell library contained the following spells:

 Spells                   Type           Power      Damage    Failure   Level
 Beastly Appendage        Tmut           0%         N/A       47%         1
 Magic Dart               Conj           0%         1d3       47%         1
 Searing Ray              Conj           0%         2d4       63%         2
 Wereblood                Tmut           0%         N/A       63%         2
 Spider Form              Tmut/Pois      0%         N/A       85%         3
 Fulminant Prism          Conj/Hex       0%         3d6       99%         4


Dungeon Overview and Level Annotations

Branches:
Dungeon (5/15)
 Temple: D:4-7

Altars:
Dithmenos
Okawaru

Annotations:
D:5 Edmund, Prince Ribbit


Innate Abilities, Weirdness & Mutations

You are a filthy swine.
You move quickly.
Your equipment is almost entirely melded.
You are incapable of wielding weapons or throwing items.
You cannot cast spells.
((You have a pair of horns on your head.))
((You reflexively headbutt those who attack you in melee.))


Message History

Your +0 scale mail melds into your body.
Your ring of protection from cold melds into your body.
The phantom barely misses you.
You hit the phantom.
The phantom is almost destroyed.
The phantom hits you.
You closely miss the phantom.
The phantom is almost destroyed.
Edmund hits you with a +2 flail of protection!
The phantom hits you!
The phantom blinks!
You blink.
You miss the phantom.
The phantom is almost destroyed.
You barely miss the phantom.
The phantom is almost destroyed.
The phantom closely misses you.
You barely miss the phantom.
The phantom is almost destroyed.
The phantom closely misses you.
You miss the phantom.
The phantom is almost destroyed.
Edmund hits you with a +2 flail of protection!
* * * LOW HITPOINT WARNING * * *
The phantom closely misses you.
You completely miss the phantom.
The phantom is almost destroyed.
Edmund misses you. The phantom hits you!
* * * LOW HITPOINT WARNING * * *
Really quaff the potion of lignification? [Y]es or [N]o only, please.
Really quaff the potion of lignification?
You are stuck in your current form!
It was a potion of berserk rage.
A red film seems to cover your vision as you go berserk!
You feel yourself moving faster!
You feel mighty! Edmund closely misses you. The phantom barely misses you.
You barely miss Edmund.
Edmund hits you with a +2 flail of protection!
* * * LOW HITPOINT WARNING * * *
You hit Edmund but do no damage. The phantom hits you.
You die...

#####.###
###.W......
(.#h# #.#@#
#.#F# #.#.#
#!#.###.#
#.......#
###.###.##.#
#.<......#
#####.####


You could see Edmund, Prince Ribbit and a phantom.

Vanquished Creatures
  A sky beast (D:3)
  2 scorpions
  A hound (D:4)
  2 bullfrog skeletons (D:4)
  An orc wizard (D:4)
  A howler monkey zombie (D:3)
  An adder (D:2)
  9 gnolls
  12 orcs
  9 bats
  8 endoplasms
  2 giant cockroaches
  3 goblins
  5 hobgoblins
  3 kobolds
  2 quokkas (D:3)
  4 ball pythons
  6 frilled lizards
  5 rats
77 creatures vanquished.

Notes
Turn   | Place    | Note
-------+----------+-------------------------------------------
     0 | D:1      | styxcanada the Minotaur Fighter began the quest for the
                  | Orb.
     0 | D:1      | Reached XP level 1. HP: 19/19 MP: 0/0
   227 | D:1      | Reached skill level 4 in Armour
   227 | D:1      | Reached XP level 2. HP: 27/27 MP: 1/1
  1156 | D:2      | Reached XP level 3. HP: 33/33 MP: 2/2
  1622 | D:3      | Noticed a sky beast
  1643 | D:3      | Killed a sky beast
  1644 | D:3      | Reached skill level 5 in Armour
  1644 | D:3      | Reached skill level 1 in Dodging
  1644 | D:3      | Reached XP level 4. HP: 10/41 MP: 3/3
  1644 | D:3      | Reached XP level 5. HP: 12/47 MP: 4/4
  2051 | D:3      | Found an iron altar of Okawaru.
  2051 | D:3      | Found a shadowy altar of Dithmenos.
  2406 | D:3      | Found a faded altar of an unknown god.
  2649 | D:4      | Reached XP level 6. HP: 51/55 MP: 5/5
  2828 | D:4      | Reached skill level 5 in Fighting
  3292 | D:4      | Reached skill level 6 in Armour
  3432 | D:4      | Reached skill level 5 in Axes
  3520 | D:5      | Entered Level 5 of the Dungeon
  3521 | D:5      | Noticed Prince Ribbit
  3521 | D:5      | Noticed Edmund
  3542 | D:5      | HP: 1/84 [Edmund/+2 flail of protection (14)]
  3543 | D:5      | Slain by a phantom

Illustrated notes

Levels and vault maps discovered:
D:1:      lemuel_arrival_river_ford, layout_loops_ring, grunt_decor_junction
D:2:      layout_basic
D:3:      layout_loops_ring, gammafunk_temple_overflow_elements,
          shapermc_ecumenical_altar_hornbeckon, minmay_quantized
D:4:      layout_gridville
D:5:      layout_loops_corners, portal_sewer_entry_e, minmay_misc_feat_columns,
          minmay_fractal_squares_gapless_5, uniq_prince_ribbit1, uniq_grinder,
          uniq_crazy_yiuf_cottage, uniq_edmund, uniq_blork_the_orc

Skill      XL: |  1  2  3  4  5  6 |
---------------+-------------------+-----
Armour         | 4 5 6 |  6.4
Fighting       | 4 5 |  5.3
Axes           | 3 4 5 |  5.2
Dodging        | 1 |  1.9
Shields        | 4 |  4.2

Action                   |  1- 3 |  4- 6 || total
-------------------------+-------+-------++-------
Melee: War axe           |    85 |    98 ||   183
       Headbutt          |    11 |    12 ||    23
       Unarmed           |       |     9 ||     9
  Use: Scroll            |     3 |       ||     3
       Potion            |       |     1 ||     1
Armor: Scale mail        |    52 |    52 ||   104
Dodge: Dodged            |    47 |    68 ||   115
Block: Buckler           |    13 |    30 ||    43
